 Dungeon Crawl Stone Soup version 0.31-a0-795-g5eb97db20b (webtiles) character file.

Game seed: 13724134861815576857

12 Maratek the Ducker (level 2, 21/21 HPs)
             Began as an Octopode Fighter on Sept 18, 2023.
             Was a Follower of Nemelex Xobeh.
             Quit the game on level 1 of the Dungeon.
             The game lasted 00:00:45 (586 turns).

Maratek the Ducker (Octopode Fighter)                Turns: 586, Time: 00:00:45

Health: 21/21      AC:  1    Str: 15    XL:     2   Next: 33%
Magic:  2/2        EV: 13    Int: 10    God:    Nemelex Xobeh [*.....]
Gold:   62         SH:  4    Dex: 11    Spells: 1/1 levels left

rFire   . . .        a - +0 flail
rCold   . . .        b - +0 buckler
rNeg    . . .        (helmet restricted)
rPois   .            (no amulet)
rElec   .            (no ring)
rCorr   .            (no ring)
SInv    .            (no ring)
Will    .....        (no ring)
Stlth   ++           (no ring)
HPRegen 0.23/turn    (no ring)
MPRegen 0.08/turn    (no ring)
                     (no ring)

%: no passive effects
@: no status effects
A: almost no armour, amphibious, 8 rings, camouflage 1, gelatinous body 1,
(nimble swimmer 1), tentacles
a: Renounce Religion, Draw Escape, Draw Destruction, Draw Summoning


You were on level 1 of the Dungeon.
You worshipped Nemelex Xobeh.
Nemelex Xobeh was aware of your devotion.
You visited 1 branch of the dungeon, and saw 1 of its levels.

You collected 62 gold pieces.

Inventory:

Hand Weapons
 a - a +0 flail (weapon)
Armour
 b - a +0 buckler (worn)
Scrolls
 d - 4 scrolls of identify {unknown}
 f - a scroll of enchant armour {unknown}
Potions
 c - a potion of might
 e - a potion of curing {unknown}
 g - 2 potions of brilliance {unknown}


   Skills:
 + Level 3.2 Fighting
 + Level 2.0 Maces & Flails
 + Level 3.2 Dodging
 + Level 3.2 Shields


You had one spell level left.
You didn't know any spells.
Your spell library was empty.

Dungeon Overview and Level Annotations

Branches:
Dungeon (1/15)

Altars:
Nemelex Xobeh


Innate Abilities, Weirdness & Mutations

You cannot wear most types of armour.
You are amphibious.
You can wear up to eight rings at the same time.
Your skin changes colour to match your surroundings (Stealth+).
Your rubbery body absorbs attacks. (AC +1, EV +1)
((You are camouflaged when in or above water. (Stealth+)))
You have tentacles for arms and can constrict up to eight enemies at once.


Message History

Found 5 stones.
No target in view!
No target in view!
No target in view!
No target in view!
No target in view!
You see here 5 stones.
Found a robe.
No target in view!
No target in view!
No target in view!
There is an open door here.
There is an open door here.
There is a faded altar of an unknown god here.
This altar belongs to (a) Uskayaw, (b) Gozag or (c) Nemelex Xobeh, but you can't tell which.
Press the corresponding letter to learn more about a god, or press enter to convert or escape to cancel.
Nemelex Xobeh accepts your prayer! Nemelex Xobeh welcomes you!
You can now draw from decks of power.
Nemelex will now gift you decks of power as you gain piety.
There is an open door here.
Okay, then.
There is an open door here.
There is an open door here.
You open the door.
There is an open door here.
There is a staircase leading out of the dungeon here.
There is an open door here.
There is an open door here.
There is an open door here.
Found an escape hatch in the floor.
There is an escape hatch in the floor here.
There is an escape hatch in the floor here.
There is a stone staircase leading down here.
Done exploring.
Done exploring.
Done exploring.
Done exploring.
No target in view!
No target in view!
Are you sure you want to abandon this character and quit the game? (Confirm with "yes".)

#.............. #..............
#......รท....... #..............
#.............. ##..............
#####...............
#####.....####.#....[..>
#......@.......#........
#############........... ###
##.#........ #.##########
#.##.......
####..........#########.#........
#.......#####....................
#.......[..############.#........
#.......##..###..................
####...####.....#######.#.....>..


There were no monsters in sight!

Vanquished Creatures
  3 bats (D:1)
  2 endoplasms (D:1)
  A hobgoblin (D:1)
  2 ball pythons (D:1)
  A frilled lizard (D:1)
  2 kobolds (D:1)
  A rat (D:1)
12 creatures vanquished.

Notes
Turn   | Place    | Note
-------+----------+-------------------------------------------
     0 | D:1      | Maratek the Octopode Fighter began the quest for the Orb.
     0 | D:1      | Reached XP level 1. HP: 16/16 MP: 1/1
   119 | D:1      | Reached XP level 2. HP: 21/21 MP: 2/2
   291 | D:1      | Found a faded altar of an unknown god.
   428 | D:1      | Prayed at the altar of an unknown god.
   428 | D:1      | Became a worshipper of Nemelex Xobeh the Trickster
   428 | D:1      | Reached * piety under Nemelex Xobeh
   586 | D:1      | Quit the game

Illustrated notes

Levels and vault maps discovered:
D:1:      ncdulo_smallfort, layout_rooms,
          hellmonk_ecumenical_altar_inner_sanctum

Action                     || total
---------------------------++-------
  Melee: Flail             ||    20
         Constrict         ||     5
         Tentacles         ||     4
   Stab: Sleeping          ||     1
 Armour: Skin              ||    11
  Dodge: Dodged            ||    12
  Block: Buckler           ||     5

Table legend: (Time is in decaauts)
 A = Elapsed time spent in this place.
 B = Non-inter-level travel time spent in this place.
 C = Inter-level travel time spent in this place.
 D = Time resting spent in this place.
 E = Time spent auto-exploring this place.
 F = Levels seen in this place.
 G = Mean time per level.
                   A        B        C        D        E       F      G
               +--------+--------+--------+--------+--------+-----+--------+
         Total |    592 |    546 |     46 |      0 |    465 |   1 |  592.0 |
       Dungeon |    592 |    546 |     46 |      0 |    465 |   1 |  592.0 |
               +--------+--------+--------+--------+--------+-----+--------+

Top non-repeatable levels by time:
     D:1: 592 daAuts
